 Dungeon Crawl Stone Soup version 0.26.1-10-gdfb7c7de75 (webtiles) character file.

Game seed: 6101413083535859836

61 sankara the Ruffian (level 3, -1/29 HPs)
             Began as a Minotaur Transmuter on Apr 2, 2021.
             Slain by a gnoll
             ... wielding a +0 club
              (6 damage)
             ... on level 1 of the Dungeon.
             The game lasted 00:03:57 (1989 turns).

sankara the Ruffian (Minotaur Transmuter)           Turns: 1989, Time: 00:03:57

Health: -1/29      AC:  3    Str: 14    XL:     3   Next: 83%
Magic:  0/4        EV: 12    Int: 11    God:
Gold:   24         SH:  0    Dex: 10    Spells: 2/5 levels left

rFire    . . .     SeeInvis .     - Unarmed
rCold    . . .     Faith    .   (no shield)
rNeg     . . .     Spirit   +   i - +0 leather armour
rPois    .         Reflect  .   (helmet restricted)
rElec    .         Harm     .   (no cloak)
rCorr    .         Rampage  .   (no gloves)
Will     .....                  (no boots)
Stlth    +.........             o - amulet of guardian spirit
HPRegen  0.09/turn              (no ring)
MPRegen  0.09/turn              (no ring)

@: wereblooded
A: retaliatory headbutt, horns 2
a: no special abilities


You were on level 1 of the Dungeon.
You visited 1 branch of the dungeon, and saw 2 of its levels.

You collected 24 gold pieces.

Inventory:

Hand Weapons
 e - a +0 hunting sling
Missiles
 b - 169 stones
Armour
 a - a +0 robe
 f - a +0 ring mail
 i - a +0 leather armour (worn)
Jewellery
 o - an amulet of guardian spirit (around neck)
 p - an uncursed ring of fire {unknown}
Scrolls
 c - 2 scrolls of blinking {unknown}
 d - a scroll of enchant weapon {unknown}
 h - a scroll of immolation {unknown}
 j - a scroll of amnesia {unknown}
 k - 3 scrolls of identify {unknown}
 m - a scroll of teleportation {unknown}
Potions
 g - a potion of curing {unknown}
 l - a potion of attraction {unknown}
 n - 2 potions of mutation {unknown}


   Skills:
 + Level 1.9 Fighting
 + Level 1.0 Armour
 + Level 2.5 Dodging
 * Level 3.9 Unarmed Combat
 + Level 1.5 Spellcasting
 * Level 2.3 Transmutations


You had 2 spell levels left.
You knew the following spells:

 Your Spells              Type           Power        Failure   Level
a - Beastly Appendage     Tmut           10%          14%         1
b - Wereblood             Tmut           5%           22%         2

Your spell library contained the following spells:

 Spells                   Type           Power        Failure   Level
 Spider Form              Tmut/Pois      1%           56%         3
 Ice Form                 Ice/Tmut       3%           93%         4
 Blade Hands              Tmut           2%           99%         5


Dungeon Overview and Level Annotations

Branches:
Dungeon (2/15)

Altars:


Innate Abilities, Weirdness & Mutations

You reflexively headbutt those who attack you in melee.
You have a pair of horns on your head.


Message History

You kill the gnoll!
The gnoll hits you from afar with a +0 spear.
The gnoll hits you with a +0 club.
* * * LOW HITPOINT WARNING * * *
The rat bites you.
* * * LOW HITPOINT WARNING * * *
The gnoll barely misses you.
You climb upwards.
Your talons disappear.
There is a stone staircase leading down here.
You hit the rat.
You kill the rat!
The gnoll barely misses you.
You hit the gnoll.
The gnoll is lightly wounded.
The gnoll barely misses you.
You hit the gnoll but do no damage.
The gnoll is lightly wounded.
The gnoll hits you with a +0 club!
You die...

.# #........###.#
## #............#
# #........#####
### #............#
..# #.........##.#
..# #..........#.#
..# ####.#.###.#.#
..######.#.###.#†#
#..............g@#
#.######.#.###.###
#.# #.#.....# #.#
#.####### #.# #.#
#.# #.#
#.######.#####
#.##.........#
#.##.........#


You could see a gnoll.

Vanquished Creatures
  A gnoll (D:2)
  2 worms (D:2)
  3 dart slugs (D:2)
  3 leopard geckos (D:1)
  3 bats
  A giant cockroach (D:1)
  6 goblins
  4 hobgoblins (D:1)
  6 frilled lizards
  2 kobolds
  8 rats
39 creatures vanquished.

Notes
Turn   | Place    | Note
-------+----------+-------------------------------------------
     0 | D:1      | sankara the Minotaur Transmuter began the quest for the
                  | Orb.
     0 | D:1      | Reached XP level 1. HP: 16/16 MP: 1/1
   495 | D:1      | Reached XP level 2. HP: 3/23 MP: 0/3
   498 | D:1      | Learned a level 2 spell: Wereblood
  1497 | D:2      | Reached XP level 3. HP: 18/29 MP: 2/4
  1980 | D:2      | Reached skill level 1 in Armour
  1989 | D:1      | Slain by a gnoll

Illustrated notes

Levels and vault maps discovered:
D:1:      lightli_arrival_noodles, layout_basic
D:2:      layout_loops_ring, uniq_jessica

Skill      XL: |  1  2  3 |
---------------+----------+-----
Transmutations | 2 |  2.3
Armour         | 1 |  1.0
Fighting       | |  1.9
Dodging        | |  2.5
Unarmed Combat | |  3.9
Spellcasting   | |  1.5

Action                   || total
-------------------------++-------
Melee: Unarmed           ||    90
       Kick              ||    24
       Headbutt          ||    10
       Punch             ||     1
 Cast: Beastly Appendage ||    26
       Wereblood         ||     1
Armor: Leather armour    ||    10
       Robe              ||     1
Dodge: Dodged            ||    39
